 Dungeon Crawl Stone Soup version 0.28.0-55-gcd9437bce4 (webtiles) character file.

Game seed: 5692440435159060178

92 nerdsy the Ogre Mage (level 4, 0/41 HPs)
             Began as an Ogre Hedge Wizard on Dec 31, 2022.
             Slain by Grinder (2 damage)
             ... on level 3 of the Dungeon.
             The game lasted 00:19:00 (3929 turns).

nerdsy the Ogre Mage (Ogre Hedge Wizard)            Turns: 3929, Time: 00:19:01

Health: 0/41       AC:  3    Str: 14    XL:     4   Next: 60%
Magic:  1/10       EV: 10    Int: 17    God:
Gold:   193        SH:  0    Dex:  8    Spells: 11/12 levels left

rFire   . . .      SeeInvis .   h - +0 mace (venom)
rCold   . . .      Faith    .   (no shield)
rNeg    . . .      Spirit   .   b - +0 robe
rPois   .          Reflect  .   c - +0 hat
rElec   .          Harm     .   (no cloak)
rCorr   .          Rampage  .   (gloves unavailable)
Will    .....                   (boots unavailable)
Stlth   +.........              (no amulet)
HPRegen 0.13/turn               (no ring)
MPRegen 0.12/turn               (no ring)

@: no status effects
A: large, unfitting armour, tough skin 1
a: no special abilities


You were on level 3 of the Dungeon.
You visited 1 branch of the dungeon, and saw 3 of its levels.

You collected 193 gold pieces.

Inventory:

Hand Weapons
 h - a +0 mace of venom (weapon)
Missiles
 f - 12 arrows
 g - 52 stones
Armour
 b - a +0 robe (worn)
 c - a +0 hat (worn)
Magical Staves
 a - a staff of death
Scrolls
 d - 2 scrolls of enchant weapon {unknown}
 e - 3 scrolls of identify {unknown}
 m - 2 scrolls of teleportation {unknown}
Potions
 i - 2 potions of magic {unknown}
 j - a potion of brilliance {unknown}
 k - 2 potions of curing {unknown}
 l - a potion of degeneration {unknown}


   Skills:
 + Level 1.6 Fighting
 + Level 0.4 Short Blades
 + Level 0.3 Maces & Flails
 + Level 2.4 Dodging
 + Level 1.6 Stealth
 + Level 4.6 Spellcasting
 + Level 1.6 Conjurations
 + Level 0.8 Summonings
 + Level 0.8 Translocations


You had 11 spell levels left.
You knew the following spells:

 Your Spells              Type           Power      Damage    Failure   Level
a - Magic Dart            Conj           36%        1d4       8%          1

Your spell library contained the following spells:

 Spells                   Type           Power      Damage    Failure   Level
 Slow                     Hex            12%        N/A       16%         1
 Blink                    Tloc           12%        N/A       16%         2
 Call Imp                 Summ           6%         N/A       16%         2
 Conjure Flame            Conj/Fire      6%         6-21      32%         3
 Mephitic Cloud           Conj/Pois/Air  5%         N/A       34%         3


Dungeon Overview and Level Annotations

Branches:
Dungeon (3/15)

Altars:

Annotations:
D:3 Grinder


Innate Abilities, Weirdness & Mutations

You are too large for most types of armour.
You have tough skin. (AC +1)


Message History

Grinder is heavily wounded.
Grinder blinks!
Casting: Magic Dart (safe; 8% risk of failure)
Confirm with . or Enter, or press ? or * to list all spells.
Aiming: Magic Dart (safe; 8% risk of failure)
Press: ? - help, Shift-Dir - straight line, f/p - Grinder
Aim: Grinder (heavily wounded, 100% to hit)
The magic dart hits Grinder but does no damage.
Grinder is heavily wounded.
Casting: Magic Dart (safe; 8% risk of failure)
Confirm with . or Enter, or press ? or * to list all spells.
Aiming: Magic Dart (safe; 8% risk of failure)
Press: ? - help, Shift-Dir - straight line, f/p - Grinder
Aim: Grinder (heavily wounded, 100% to hit)
The magic dart hits Grinder but does no damage.
Grinder is heavily wounded.
Grinder closely misses you.
You closely miss Grinder.
Grinder is heavily wounded.
Grinder hits you.
You hit Grinder but do no damage.
Grinder is poisoned.
Grinder is heavily wounded.
Grinder barely misses you. Grinder hits you.
You hit Grinder.
Grinder is heavily wounded.
Grinder blinks!
Grinder gestures at you.
You suddenly lose the ability to move!
You hear the slow rusting of a drain nearby.
Grinder hits you.
You writhe in agony.
* * * LOW HITPOINT WARNING * * *
Grinder hits you.
* * * LOW HITPOINT WARNING * * *
You writhe in agony.
* * * LOW HITPOINT WARNING * * *
You can move again.
You barely miss Grinder.
Grinder is heavily wounded.
Grinder hits you.
You die...

##### ############ #...#
#..........# #######.#.#
#...@5.....# #<..)...#.#
#..........#
#########.###..........#
#.....#.#....###
#######.###..# #.# ..#
... ># #.. ## .##


You could see Grinder (poisoned).

Vanquished Creatures
  Jessica (D:2)
  An adder (D:2)
  A worm (D:2)
  3 dart slugs
  5 ball pythons
  2 bats
  3 endoplasms (D:1)
  3 giant cockroaches
  8 hobgoblins
  3 jackals (D:2)
  3 kobolds
  2 quokkas
  3 frilled lizards
  3 goblins
  2 rats
43 creatures vanquished.

Vanquished Creatures (others)
  4 toadstools (D:1)
4 creatures vanquished.

Grand Total: 47 creatures vanquished

Notes
Turn   | Place    | Note
-------+----------+-------------------------------------------
     0 | D:1      | nerdsy the Ogre Hedge Wizard began the quest for the Orb.
     0 | D:1      | Reached XP level 1. HP: 16/16 MP: 5/5
   122 | D:1      | Reached skill level 4 in Spellcasting
   181 | D:1      | Reached XP level 2. HP: 21/24 MP: 4/7
   677 | D:1      | Reached skill level 1 in Conjurations
   738 | D:1      | Found a faded altar of an unknown god.
   759 | D:1      | Reached skill level 1 in Fighting
  1132 | D:1      | Reached XP level 3. HP: 30/33 MP: 2/8
  2451 | D:2      | Noticed Jessica
  2458 | D:2      | Killed Jessica
  2459 | D:2      | Reached XP level 4. HP: 41/41 MP: 2/10
  3891 | D:3      | Noticed Grinder
  3894 | D:3      | Paralysed by Grinder for 3 turns
  3907 | D:3      | Paralysed by Grinder for 6 turns
  3922 | D:3      | Paralysed by Grinder for 7 turns
  3928 | D:3      | HP: 2/41 [Grinder (6)]
  3929 | D:3      | Slain by Grinder

Illustrated notes

Levels and vault maps discovered:
D:1:      ldierk_walled_garden_2, layout_basic,
          hellmonk_ecumenical_altar_lost_god, grunt_decor_mini_mirrors,
          minivault_23
D:2:      minmay_door_path, layout_loops_corners, uniq_jessica
D:3:      layout_basic, cheibrodos_sewer_entry_drain, uniq_grinder

Skill      XL: |  1  2 |
---------------+-------+-----
Spellcasting   | 4 |  4.6
Dodging        | 2 |  2.4
Conjurations   | 1 |  1.6
Fighting       | 1 |  1.6
Short Blades   | |  0.4
Maces & Flails | |  0.3
Stealth        | |  1.6
Summonings     | |  0.8
Translocations | |  0.8

Action                   |  1- 3 |  4- 6 || total
-------------------------+-------+-------++-------
Melee: Dagger            |     4 |       ||     4
       Mace              |    27 |    23 ||    50
       Punch             |       |     1 ||     1
 Cast: Magic Dart        |    85 |    44 ||   129
 Stab: Sleeping          |     1 |     1 ||     2
Armor: Robe              |    16 |     2 ||    18
Dodge: Dodged            |    30 |    16 ||    46
